 Dungeon Crawl Stone Soup version 0.22.1-6-g1668fe2c40 (webtiles) character file.

6138 LabCoat the Severer (level 10, -7/84 HPs)
             Began as a Hill Orc Fighter on Jan 24, 2019.
             Was a Believer of Trog.
             Mangled by an orc warrior
             ... wielding a +0 halberd
              (11 damage)
             ... on level 9 of the Dungeon on Jan 25, 2019.
             The game lasted 00:59:59 (9596 turns).

LabCoat the Severer (Hill Orc Fighter)              Turns: 9596, Time: 00:59:59

Health: -7/84      AC: 16    Str: 22    XL:     10   Next: 89%
Magic:  10/10      EV:  5    Int: 12    God:    Trog [**....]
Gold:   374        SH: 11    Dex: 14    Spells: 9/9 levels left

rFire    . . .     SeeInvis .   a - +1 war axe
rCold    . . .     Gourm    .   z - +0 shield "Bosoalui" {Int+4}
rNeg     . . .     Faith    .   P - +0 plate armour
rPois    .         Spirit   .   d - +0 helmet
rElec    .         Reflect  .   (no cloak)
rCorr    .         Harm     .   (no gloves)
MR       .....                  h - +0 pair of boots
Stlth    ..........             A - amulet of magic regeneration
HPRegen  0.24/turn              p - +3 ring of dexterity
MPRegen  0.37/turn              j - +4 ring of slaying

@: berserk cooldown, slowed, very slow
A: no striking features
a: Berserk, Trog's Hand, Renounce Religion


You were on level 9 of the Dungeon.
You worshipped Trog.
Trog was pleased with you.
You were near starving.

You visited 1 branch of the dungeon, and saw 9 of its levels.

You collected 544 gold pieces.
You spent 170 gold pieces at shops.

Inventory:

Hand Weapons
 a - a +1 war axe (weapon)
 F - a +0 hunting sling
Missiles
 t - 8 tomahawks (quivered)
 y - 2 tomahawks of returning
 B - 86 sling bullets
 O - a throwing net
Armour
 c - a +1 shield
 d - a +0 helmet (worn)
 h - a +0 pair of boots (worn)
 z - the +0 shield "Bosoalui" (worn) {Int+4}
   (You found it on level 5 of the Dungeon)

   It affects your intelligence (+4).
 L - a +0 chain mail
 P - a +0 plate armour (worn)
Jewellery
 e - an uncursed ring of flight
 j - a +4 ring of slaying (right hand)
 p - a +3 ring of dexterity (left hand)
 x - an uncursed ring of fire
 A - an amulet of magic regeneration (around neck)
 C - a cursed +1 ring of evasion {unknown}
 K - a +3 ring of dexterity
Wands
 v - a wand of enslavement (21)
Scrolls
 l - 3 scrolls of enchant armour
 r - 3 scrolls of amnesia
 s - 5 scrolls of teleportation
 u - 2 scrolls of magic mapping
 w - 3 scrolls of remove curse
 I - 3 scrolls of fear
 J - a scroll of enchant weapon
Potions
 g - 4 potions of brilliance
 i - 3 potions of resistance
 m - a potion of flight
 n - a potion of ambrosia {unknown}
 o - a potion of curing
 q - 2 potions of cancellation
 D - a potion of magic
 E - a potion of haste {unknown}
 H - a potion of invisibility {unknown}
 M - a potion of mutation {unknown}
Comestibles
 f - 22 rations
 N - 10 chunks of flesh


   Skills:
 + Level 6.7 Fighting
 * Level 15.8 Axes
 + Level 7.5 Armour
 + Level 7.1 Shields
 + Level 0.1 Evocations


You had 9 spell levels left.
You didn't know any spells.
Your spell library was empty.

Dungeon Overview and Level Annotations

Branches:
Dungeon (9/15)             Temple (0/1) D:5             Orc (0/2) D:9
   Lair: D:8-11

Altars:
Gozag
Ru
Trog
Uskayaw
Wu Jian

Shops:
D:4 ?

Annotations:
D:4 2 transporters, H0rd4k's ghost, amateur HuAr
D:9 exclusion: ice statue


Message History

You feel your anger nearly subside.
You are no longer berserk.
You are exhausted.
You feel yourself slow down.
* * * LOW HITPOINT WARNING * * *
You feel sick.
There is an open door here.
* * * LOW HITPOINT WARNING * * *
You feel sick.
* * * LOW HITPOINT WARNING * * *
You feel sick.
You feel better.
The orc warrior hits you from afar with a halberd!
* * * LOW HITPOINT WARNING * * *
The orc warrior barely misses you.
You are near starving!
You block the orc warrior's attack.
The orc warrior hits you but does no damage.
You block the orc warrior's attack.
The orc warrior hits you from afar with a halberd!
You die...

# ###..#..# #.# # #.#..'..#
#.# ###### ###.#..#..# #.#
.....# #...#!.#..#
#.####### .....#
###..)#)##### #.##...!.
>..>.###..........#
#†÷..####
.........#....?...# ##.####
.....#####........######.>#
.....# #.....<@.........#
.....# #....K...######..#
.....# #....o...# #..##
.....# #..oo....# #.##
.!...# #........# #.#
...### ##o####### #.# #####
#o#### #.# ....# #....# #.#
....# ########o## #.#######


You could see 2 orc warriors, a big kobold and 3 orcs.

Vanquished Creatures
  A two-headed ogre (D:8)
  Joseph (D:7)
  A troll (D:9)
  3 hogs (D:9)
  2 hippogriffs
  A yak (D:9)
  Edmund (D:6)
  2 water moccasins
  4 sky beasts
  3 orc warriors
  An ice beast (D:5)
  2 necrophages
  9 ogres
  2 phantoms
  2 centaurs
  A big kobold (D:8)
  A gnoll sergeant (D:9)
  4 bullfrogs
  6 scorpions
  5 killer bees (D:8)
  3 howler monkeys
  3 crimson imps
  A gnoll shaman (D:9)
  3 iguanas
  An orc priest (D:8)
  A bullfrog skeleton (D:8)
  3 orc wizards
  7 worker ants
  Robin (D:2)
  A howler monkey skeleton (D:9)
  6 gnolls (D:9)
  8 adders
  3 adder skeletons
  2 adder zombies
  4 worms
  2 dart slugs
  3 leopard geckos
  18 orcs
  11 bats
  A bat zombie (D:2)
  6 giant cockroaches
  13 goblins
  3 hobgoblins
  3 jackals
  3 quokkas
  A ball python (D:7)
  6 frilled lizards
  A giant cockroach zombie (D:5)
  11 kobolds
  3 leopard gecko skeletons
  A quokka skeleton (D:8)
  8 rats
193 creatures vanquished.

Vanquished Creatures (collateral kills)
  An adder (D:6)
1 creature vanquished.

Vanquished Creatures (others)
  A human (D:9)
  A fungus (D:6)
2 creatures vanquished.

Grand Total: 196 creatures vanquished

Notes
Turn   | Place    | Note
-------+----------+-------------------------------------------
     0 | D:1      | LabCoat the Hill Orc Fighter began the quest for the Orb.
     0 | D:1      | Reached XP level 1. HP: 19/19 MP: 1/1
   441 | D:1      | Reached skill level 3 in Axes
   441 | D:1      | Reached XP level 2. HP: 24/27 MP: 2/2
   584 | D:2      | Noticed Robin
   611 | D:2      | Reached XP level 3. HP: 18/33 MP: 3/3
   624 | D:2      | HP: 1/33 [hobgoblin/club[Robin] (4)]
   653 | D:2      | Killed Robin
   653 | D:2      | Reached skill level 4 in Axes
  1238 | D:2      | Reached XP level 4. HP: 38/40 MP: 4/4
  1261 | D:2      | Found a sacrificial altar of Ru.
  2648 | D:4      | Found a bloodstained altar of Trog.
  2666 | D:4      | Reached skill level 5 in Axes
  2670 | D:4      | Became a worshipper of Trog the Wrathful
  2674 | D:4      | Found a transporter.
  2686 | D:4      | Reached XP level 5. HP: 42/46 MP: 5/5
  3044 | D:4      | Found Yrphol's Magic Scroll Shop.
  3075 | D:4      | Bought a scroll of identify for 22 gold pieces
  3075 | D:4      | Bought a scroll of identify for 22 gold pieces
  3075 | D:4      | Bought a scroll of identify for 22 gold pieces
  3075 | D:4      | Bought a scroll of identify for 22 gold pieces
  3075 | D:4      | Bought a scroll of enchant armour for 82 gold pieces
  3123 | D:4      | Reached skill level 6 in Axes
  3128 | D:4      | Noticed a water moccasin
  3138 | D:4      | Killed a water moccasin
  3138 | D:4      | Reached skill level 7 in Axes
  3138 | D:4      | Reached XP level 6. HP: 38/53 MP: 6/6
  3642 | D:4      | Found a transporter.
  3645 | D:4      | Noticed H0rd4k's ghost (amateur HuAr)
  3758 | D:5      | Entered Level 5 of the Dungeon
  3819 | D:5      | Noticed an ice beast
  3835 | D:5      | Killed an ice beast
  3835 | D:5      | Reached skill level 8 in Axes
  3835 | D:5      | Reached XP level 7. HP: 46/60 MP: 7/7
  3915 | D:5      | Found an opulent altar of Gozag.
  3991 | D:5      | Got a twisted shield
  4002 | D:5      | Identified the +0 shield "Bosoalui" {Int+4} (You found it
                  | on level 5 of the Dungeon)
  4162 | D:5      | Reached * piety under Trog
  4414 | D:5      | Found a staircase to the Ecumenical Temple.
  4916 | D:6      | Reached skill level 9 in Axes
  4917 | D:6      | Noticed Edmund
  4938 | D:6      | Killed Edmund
  4938 | D:6      | Reached skill level 5 in Fighting
  4938 | D:6      | Reached XP level 8. HP: 43/68 MP: 8/8
  5526 | D:6      | Reached skill level 10 in Axes
  6014 | D:6      | Reached skill level 5 in Armour
  6105 | D:6      | Reached skill level 5 in Shields
  6129 | D:6      | Reached skill level 11 in Axes
  6464 | D:7      | Reached XP level 9. HP: 75/75 MP: 9/9
  6611 | D:7      | Reached skill level 12 in Axes
  7151 | D:7      | Noticed Joseph
  7170 | D:7      | Killed Joseph
  7470 | D:7      | Found an ornate altar of the Wu Jian Council.
  7471 | D:7      | Found a hide-covered altar of Uskayaw.
  7500 | D:7      | Reached skill level 13 in Axes
  7858 | D:8      | Noticed a two-headed ogre
  7869 | D:8      | Killed a two-headed ogre
  7869 | D:8      | Reached ** piety under Trog
  7869 | D:8      | Reached skill level 14 in Axes
  7869 | D:8      | Reached XP level 10. HP: 84/84 MP: 10/10
  9401 | D:9      | Noticed an ice statue
  9438 | D:9      | Reached skill level 15 in Axes
  9543 | D:9      | Found a staircase to the Orcish Mines.
  9588 | D:9      | HP: 1/84 [orc warrior/halberd (12)]
  9596 | D:9      | Mangled by an orc warrior

Skill      XL: |  1  2  3  4  5  6  7  8  9 10 |
---------------+-------------------------------+-----
Axes           | 3 4 5 7 8 9 11 14 15 | 15.8
Fighting       | 4 5 6 |  6.7
Armour         | 4 5 6 7 |  7.5
Shields        | 4 5 6 7 |  7.1
Evocations     | |  0.1

Action                   |  1- 3 |  4- 6 |  7- 9 | 10-12 || total
-------------------------+-------+-------+-------+-------++-------
Melee: War axe           |    97 |   183 |   311 |   160 ||   751
Invok: Berserk           |       |       |       |     3 ||     3
       Trog's Hand       |       |       |       |     1 ||     1
Evoke: Wand              |       |       |     2 |     3 ||     5
  Use: Scroll            |     2 |    16 |     2 |     3 ||    23
       Potion            |     3 |     1 |     4 |     4 ||    12
  Eat: Chunk             |     1 |     5 |     4 |     3 ||    13
       Ration            |       |     1 |     3 |     1 ||     5
Armor: Scale mail        |    37 |    77 |   102 |     9 ||   225
       Chain mail        |       |       |       |    24 ||    24
       Plate armour      |       |       |       |    11 ||    11
Dodge: Dodged            |    47 |    39 |    78 |    33 ||   197
Block: Shield            |    70 |    83 |   139 |    72 ||   364
